[Event "Titled Tuesday Blitz April 18 Late 2023"]
[White "Manfroi, Alexander Giannini"]
[Black "Buchenau, Frank"]
[WhiteFideId "22739335"]
[BlackFideId "4604350"]
[WhiteElo "1618"]
[BlackElo "2157"]
[Result "1-0"]
[Round "11"]
[TimeControl "180+2"]
[Date "2023.04.18"]
[WhiteClock "0:02:29"]
[BlackClock "0:01:31"]

1. d4 e6 2. Bf4 Nf6 3. e3 d5 4. Nf3 c5 5. c3 Nc6 6. Bd3 Bd6 7. Bg3 O-O 8. Nbd2 b6 9. Ne5 Ne7 10. f4 Nf5 11. Bf2 Bc7 12. g4 Nd6 13. Bh4 a5 14. Nc6 Qe8 15. Bxf6 gxf6 16. g5 Qxc6 17. Bxh7+ Kg7 18. Qh5 1-0


[Site "https://www.chess.com"]

[Event "Titled Tuesday Blitz April 18 Late 2023"]
[White "Sarkar, Justin"]
[Black "Manu_ChessExcelsior"]
[WhiteFideId "2010011"]
[WhiteElo "2189"]
[BlackElo "1993"]
[Result "1-0"]
[Round "11"]
[TimeControl "180+2"]
[Date "2023.04.18"]
[WhiteClock "0:00:13"]
[BlackClock "0:01:14"]

1. d4 d5 2. c4 e6 3. Nf3 Nf6 4. g3 Be7 5. Bg2 O-O 6. O-O dxc4 7. Ne5 Nc6 8. Bxc6 bxc6 9. Nxc6 Qe8 10. Nxe7+ Qxe7 11. Qa4 c5 12. Qxc4 cxd4 13. Qxd4 Rd8 14. Qh4 h6 15. Nc3 Bb7 16. Be3 Rd7 17. Rfd1 Nd5 18. Qxe7 Rxe7 19. Nxd5 Bxd5 20. b3 Rc7 21. Rac1 Rac8 22. Rxc7 Rxc7 23. f3 Kf8 24. Kf2 Ke7 25. Rc1 Rxc1 26. Bxc1 Kd6 27. e4 Bc6 28. Ke3 a5 29. a4 e5 30. Bd2 Kc5 31. Bxa5 Bd7 32. Bc3 f6 33. Kd3 Be6 34. b4+ Kc6 35. Kc2 Bc4 36. Bd2 Be2 37. f4 Bf3 38. b5+ Kb6 39. fxe5 fxe5 40. Kb3 Bxe4 41. Kb4 Bd3 42. a5+ Kb7 43. a6+ Kb8 44. Ka5 e4 45. Bf4+ Ka8 46. b6 Bxa6 47. Kxa6 1-0


[Site "https://www.chess.com"]

[Event "Titled Tuesday Blitz April 18 Late 2023"]
[White "tandercat"]
[Black "Kraus, Tomas"]
[BlackFideId "331708"]
[WhiteElo "1981"]
[BlackElo "2389"]
[Result "1-0"]
[Round "11"]
[TimeControl "180+2"]
[Date "2023.04.18"]
[WhiteClock "0:00:15"]
[BlackClock "0:00:35"]

1. d4 Nf6 2. c4 e6 3. Nc3 Bb4 4. f3 d5 5. a3 Bxc3+ 6. bxc3 O-O 7. e3 c5 8. cxd5 exd5 9. Bd3 Re8 10. Ne2 b6 11. O-O Ba6 12. Ng3 Bxd3 13. Qxd3 Nc6 14. Ra2 Rc8 15. Re2 cxd4 16. cxd4 Qd7 17. Bb2 Na5 18. e4 Re6 19. e5 Ne8 20. f4 Rec6 21. f5 Nc4 22. Ba1 g6 23. Ref2 Ng7 24. fxg6 fxg6 25. Rf7 Qxf7 26. Rxf7 Kxf7 27. Qf3+ Ke6 28. Qf6+ Kd7 29. Qxg7+ Kd8 30. Qxh7 Ne3 31. Qg8+ Kc7 32. Qf7+ Kb8 33. Kf2 Ng4+ 34. Kf3 Nxh2+ 35. Kf4 Rc2 36. Qxd5 Rf2+ 37. Kg5 Rxg2 38. Qxg2 1-0


[Site "https://www.chess.com"]

[Event "Titled Tuesday Blitz April 18 Late 2023"]
[White "Romero Ruscalleda, Josep"]
[Black "Vargas, Mauricio"]
[WhiteFideId "2231859"]
[BlackFideId "4404572"]
[WhiteElo "2183"]
[BlackElo "1998"]
[Result "1-0"]
[Round "11"]
[TimeControl "180+2"]
[Date "2023.04.18"]
[WhiteClock "0:02:03"]
[BlackClock "0:00:04"]

1. e4 c6 2. Nc3 d5 3. Nf3 dxe4 4. Nxe4 Nf6 5. Qe2 Nxe4 6. Qxe4 Qd5 7. Qf4 Qf5 8. Qe3 Qe6 9. d4 g6 10. Bd3 Bg7 11. O-O O-O 12. Qf4 Qg4 13. c3 Qxf4 14. Bxf4 Bg4 15. Ne5 Be6 16. Rfe1 Nd7 17. Nxd7 Bxd7 18. Rxe7 Rad8 19. Bc7 Rfe8 20. Bxd8 Rxd8 21. Rae1 b5 22. Bc2 Bf6 23. R7e2 Be6 24. Bb3 Bg4 25. Re8+ Rxe8 26. Rxe8+ Kg7 27. f3 Bd7 28. Ra8 1-0


[Site "https://www.chess.com"]

[Event "Titled Tuesday Blitz April 18 Late 2023"]
[White "Garmash, Aliona"]
[Black "Mikheev, Stanislav"]
[WhiteFideId "34127620"]
[BlackFideId "4135920"]
[WhiteElo "1959"]
[BlackElo "2230"]
[Result "1/2-1/2"]
[Round "11"]
[TimeControl "180+2"]
[Date "2023.04.18"]
[WhiteClock "0:00:09"]
[BlackClock "0:00:43"]

1. d4 Nf6 2. c4 g6 3. Nc3 d5 4. cxd5 Nxd5 5. e4 Nxc3 6. bxc3 Bg7 7. Bc4 c5 8. Ne2 Nc6 9. Be3 O-O 10. O-O Bd7 11. Rb1 a6 12. Bd3 b5 13. dxc5 Ne5 14. Bd4 Nxd3 15. Qxd3 Be6 16. Qc2 Bc4 17. Rfd1 Qa5 18. Rb2 e5 19. Be3 Rad8 20. Rxd8 Rxd8 21. Nc1 Bf8 22. Nb3 Qa4 23. Nd2 Qa3 24. Nxc4 bxc4 25. h3 Bxc5 26. Bxc5 Qxc5 27. Qa4 a5 28. Rb5 Qc6 29. Qxa5 Rd1+ 30. Kh2 Qxe4 31. Rb8+ Kg7 32. Qc5 Qf4+ 33. g3 Qe4 34. Qf8+ Kf6 35. Rb6+ Kg5 36. Qe7+ Kh5 37. g4+ Kh6 38. Qf8+ Kg5 39. Qe7+ Kh6 40. Qh4+ Kg7 41. Qf6+ Kh6 42. Qh4+ Kg7 43. Qf6+ Kh6 44. Qh4+ 1/2-1/2


[Site "https://www.chess.com"]

[Event "Titled Tuesday Blitz April 18 Late 2023"]
[White "Kujawski, Adam"]
[Black "Simonovic, Miroslav"]
[WhiteFideId "1100920"]
[BlackFideId "919152"]
[WhiteElo "2054"]
[BlackElo "2042"]
[Result "1-0"]
[Round "11"]
[TimeControl "180+2"]
[Date "2023.04.18"]
[WhiteClock "0:00:04"]
[BlackClock "0:00:07"]

1. e4 c5 2. Nf3 Nc6 3. Nc3 e5 4. Bc4 g6 5. d3 h6 6. Be3 d6 7. Nd5 Bg7 8. c3 Nge7 9. a4 O-O 10. Qd2 Kh7 11. h4 f5 12. Ng5+ Kh8 13. h5 f4 14. Nxf4 exf4 15. Bxf4 d5 16. hxg6 Nxg6 17. Nf7+ Rxf7 18. Bxh6 dxc4 19. Bg5+ Kg8 20. Bxd8 Nxd8 21. Qg5 Ne7 22. dxc4 Ne6 23. Qh5 Bd7 24. O-O-O Bxa4 25. Rd5 Bc6 26. f3 Re8 27. Qh7+ Kf8 28. Qh3 Nf4 29. Qg4 Bxd5 30. cxd5 Nexd5 31. exd5 Nxd5 32. Kb1 b6 33. Qg5 Nf4 34. Rd1 Kg8 35. Rd8 Rxd8 36. Qxd8+ Rf8 37. Qd7 Rf7 38. Qg4 Kf8 39. g3 Ng2 40. f4 Re7 41. Qf5+ Ke8 42. Qc8+ Kf7 43. Qf5+ Ke8 44. Qg6+ Kf8 45. f5 Rf7 46. Qd6+ Kg8 47. g4 Nh4 48. Qd8+ Bf8 49. Qxh4 Be7 50. Qh5 Rg7 51. Ka2 Bg5 52. Qe8+ Kh7 53. Qe6 Bh6 54. f6 Rg6 55. Qf7+ Bg7 56. fxg7 Rxg7 57. Qh5+ Kg8 58. g5 Kf8 59. Qf3+ Kg8 60. Qf5 Kh8 61. g6 Kg8 62. Qh5 Kf8 63. Qf5+ Ke7 64. Qe5+ Kf8 65. Qf6+ Kg8 66. Qd8# 1-0


[Site "https://www.chess.com"]

[Event "Titled Tuesday Blitz April 18 Late 2023"]
[White "Sariego Figueredo, Wilfredo"]
[Black "Oliveira, Tiago Batista"]
[WhiteFideId "3500080"]
[BlackFideId "2108291"]
[WhiteElo "2309"]
[BlackElo "1962"]
[Result "1-0"]
[Round "11"]
[TimeControl "180+2"]
[Date "2023.04.18"]
[WhiteClock "0:00:44"]
[BlackClock "0:00:02"]

1. d4 Nf6 2. Bf4 g6 3. Nc3 Bg7 4. e4 d6 5. Qd2 Nbd7 6. O-O-O e5 7. dxe5 dxe5 8. Bh6 O-O 9. Nf3 Qe7 10. Bxg7 Kxg7 11. Bc4 h6 12. Rhe1 c6 13. Bb3 Nc5 14. h3 a5 15. Na4 Nxb3+ 16. cxb3 b5 17. Nc3 b4 18. Na4 Ba6 19. Kb1 Rfd8 20. Qe3 Rxd1+ 21. Rxd1 Rd8 22. Rd2 Rxd2 23. Nxd2 Qd6 24. Nc5 Bc8 25. f3 Nd7 26. Nxd7 Qxd7 27. Kc2 Ba6 28. Nc4 a4 29. Nxe5 axb3+ 30. axb3 Qe6 31. Nc4 Bxc4 32. Qd4+ Qf6 33. Qxf6+ Kxf6 34. bxc4 Ke5 35. Kd3 f5 36. Ke3 g5 37. exf5 Kxf5 38. g3 Ke5 39. b3 c5 40. g4 Kd6 41. Ke4 Ke6 42. f4 gxf4 43. Kxf4 Kf6 44. h4 Kf7 45. Ke5 Kg6 46. Kd5 1-0


[Site "https://www.chess.com"]

[Event "Titled Tuesday Blitz April 18 Late 2023"]
[White "BebeBonito2022"]
[Black "Burke, Paul"]
[BlackFideId "2605767"]
[WhiteElo "2175"]
[BlackElo "1907"]
[Result "1-0"]
[Round "11"]
[TimeControl "180+2"]
[Date "2023.04.18"]
[WhiteClock "0:00:58"]
[BlackClock "0:00:01"]

1. d4 a6 2. e4 d6 3. c4 g6 4. Nc3 Bg7 5. Nf3 Nd7 6. Be3 h6 7. Bd3 e5 8. d5 Ne7 9. Qd2 f5 10. Qc2 f4 11. Bd2 g5 12. O-O-O O-O 13. h3 Nf6 14. g4 Bd7 15. Rdg1 b5 16. Kb1 b4 17. Nd1 a5 18. h4 Nh7 19. h5 c5 20. dxc6 Nxc6 21. c5 dxc5 22. Bc4+ Kh8 23. Bd5 Rc8 24. Qc4 Nd4 25. Rh3 Bb5 26. Qc1 Ne2 27. Qc2 Nxg1 28. Nxg1 c4 29. a4 Ba6 30. Bc1 Nf6 31. Be6 Rc6 32. Bf5 Qd4 33. Nf3 Qd3 34. Nxg5 Qxc2+ 35. Kxc2 hxg5 36. h6 c3 37. hxg7+ Kxg7 38. bxc3 bxc3 39. Rxc3 Rxc3+ 40. Nxc3 Rc8 41. Bd2 Bc4 42. Kb2 Bf7 43. f3 Rb8+ 44. Nb5 Bg6 45. Bxa5 Bxf5 46. exf5 1-0


[Site "https://www.chess.com"]

[Event "Titled Tuesday Blitz April 18 Late 2023"]
[White "Manon-og, Ramon Jr."]
[Black "Dias, Joao Batista"]
[WhiteFideId "5200776"]
[BlackFideId "2108240"]
[WhiteElo "2344"]
[BlackElo "1907"]
[Result "0-1"]
[Round "11"]
[TimeControl "180+2"]
[Date "2023.04.18"]
[WhiteClock "0:00:19"]
[BlackClock "0:01:40"]

1. d4 d5 2. Bf4 e6 3. Nf3 Bd6 4. Bg3 Ne7 5. Nc3 Nf5 6. Bxd6 Nxd6 7. e3 O-O 8. Bd3 a6 9. Ne5 b6 10. Qh5 g6 11. Qh3 Nd7 12. O-O Nxe5 13. dxe5 Nf5 14. e4 Ng7 15. f4 Bb7 16. f5 dxe4 17. Be2 exf5 18. Rf4 Qe7 19. Rh4 h5 20. g4 Qc5+ 21. Kg2 e3+ 22. Kf1 Qc6 23. Bf3 Qxf3+ 24. Qxf3 Bxf3 25. gxh5 Bxh5 26. Nd5 Ne8 27. Ne7+ Kg7 28. Kg2 f6 29. exf6+ Nxf6 30. Rg1 Kf7 31. Nc6 Rae8 32. Kh3 e2 33. Re1 Re3+ 34. Kg2 Rfe8 35. Rd4 R8e4 36. Rxe4 Nxe4 37. Ne5+ Ke6 38. Nc6 Bf3+ 39. Kh3 Bg4+ 40. Kh4 Rh3# 0-1


[Site "https://www.chess.com"]

[Event "Titled Tuesday Blitz April 18 Late 2023"]
[White "Sanchez, Robert"]
[Black "Brod, Manfred"]
[WhiteFideId "2034360"]
[BlackFideId "1602110"]
[WhiteElo "1953"]
[BlackElo "2069"]
[Result "0-1"]
[Round "11"]
[TimeControl "180+2"]
[Date "2023.04.18"]
[WhiteClock "0:02:12"]
[BlackClock "0:01:10"]

1. e4 e6 2. d4 d5 3. e5 c5 4. c3 Qb6 5. Nf3 Bd7 6. Bd3 Bb5 7. O-O Bxd3 8. Qxd3 Nd7 9. Nbd2 Ne7 10. Qe2 Nc6 11. Nb3 c4 12. Nbd2 Qc7 13. Re1 b5 14. Nf1 b4 15. Ng3 a5 16. Ng5 h6 17. Qh5 g6 18. Qh3 Bg7 19. Nxe6 fxe6 20. Qxe6+ Ne7 21. f4 Qc6 22. Qg4 O-O-O 23. f5 Kb8 24. f6 Nxf6 25. exf6 Bxf6 26. Bf4+ Ka8 27. Re6 Qc8 28. Qe2 0-1